 Dungeon Crawl Stone Soup version 0.18-a0-1361-g9293dd1 (webtiles) character file.

20291 Kidiri the Destroyer (level 12, -5/97 HPs)
             Began as a Mottled Draconian Conjurer on Feb 20, 2016.
             Was a Priest of Vehumet.
             Slain by a yak (16 damage)
             ... on level 4 of the Lair of Beasts.
             The game lasted 01:00:41 (20357 turns).

Kidiri the Destroyer (Mottled Draconian Conjurer)  Turns: 20357, Time: 01:00:42

Health: -5/97      AC: 13    Str: 12    XL:     12   Next: 44%
Magic:  3/24       EV: 16    Int: 28    God:    Vehumet [***...]
Gold:   661        SH:  8    Dex: 12    Spells: 9 memorised, 3 levels left

rFire  . . .     SeeInvis .     I - +0 short sword (venom)
rCold  + . .     Gourm    .     (armour unavailable)
rNeg   . . .     Faith    .     n - +3 buckler
rPois  .         Spirit   .     (helmet restricted)
rElec  .         Dismiss  .     u - +1 cloak
rCorr  .         Reflect  .     H - +0 pair of gloves
SustAt .         Harm     .     F - +1 pair of boots
MR     +....     Rnd*Tele +     (no amulet)
Stlth  +++.......               a - +6 ring of intelligence
                                J - +3 ring of intelligence

@: somewhat resistant to hostile enchantments, fairly stealthy
A: breathe sticky flame splash, unfitting armour, antennae 1, stinger 1, talons
2, blurry vision 2, cold resistance 1, magic resistance 1, teleportitis 1,
cold-blooded, AC +8
a: Breathe Sticky Flame, Renounce Religion


You were on level 4 of the Lair of Beasts.
You worshipped Vehumet.
Vehumet was most pleased with you.
You were not hungry.

You visited 3 branches of the dungeon, and saw 14 of its levels.

You collected 661 gold pieces.

Inventory:

Hand Weapons
 I - a +0 short sword of venom (weapon)
Missiles
 C - a throwing net (quivered)
Armour
 n - a +3 buckler (worn)
 u - a +1 cloak (worn)
 F - a +1 pair of boots (worn)
 H - a +0 pair of gloves (worn)
Jewellery
 a - a +6 ring of intelligence (right hand)
 d - an uncursed ring of protection from fire
 p - a +5 ring of dexterity
 z - an uncursed ring of stealth
 J - a +3 ring of intelligence (left hand)
Wands
 g - a wand of flame (32/48)
 h - a wand of disintegration (11/24)
 t - a wand of heal wounds (6/9)
 G - a wand of paralysis (15/24)
 O - a wand of flame (23/48)
 P - a wand of lightning (10/15)
 Q - a wand of iceblast (9/15)
Scrolls
 e - 2 scrolls of blinking
 i - 2 scrolls of magic mapping
 k - 2 scrolls of teleportation
 l - 3 scrolls of remove curse
 o - a scroll of silence
 q - a scroll of recharging
 x - a scroll of vulnerability {unknown}
 E - a scroll of fog {unknown}
 K - a scroll of enchant weapon {unknown}
 M - a scroll of amnesia
Potions
 c - 3 potions of brilliance
 f - a potion of berserk rage
 v - 3 potions of ambrosia
 w - 3 potions of cure mutation
 A - a potion of haste
 B - 2 potions of magic
 L - a potion of invisibility
Books
 y - a Young Poisoner's Handbook

   Spells                             Type                      Level
   a - Sting                          Conjuration/Poison           1
   b - Cure Poison                    Poison                       2
   c - Mephitic Cloud                 Conjuration/Poison/Air       3
   d - Olgreb's Toxic Radiance        Poison                       4
   e - Venom Bolt                     Conjuration/Poison           5
Comestibles
 b - 12 bread rations
 j - 10 fruits
 D - 6 beef jerkies
 N - a slice of pizza


   Skills:
 + Level 6.6 Fighting
 + Level 5.7 Short Blades
 * Level 8.1 Dodging
 + Level 6.0 Stealth
 + Level 5.8 Shields
 * Level 8.0 Spellcasting
 * Level 9.2 Conjurations
 + Level 5.1 Hexes
 + Level 3.0 Charms
 + Level 2.8 Fire Magic
 + Level 1.2 Ice Magic
 + Level 2.6 Air Magic
 + Level 3.7 Poison Magic
 + Level 2.0 Evocations


You had 3 spell levels left.
You knew the following spells:

 Your Spells              Type           Power        Failure   Level  Hunger
b - Searing Ray           Conj           ######       1%          2    None
c - Dazzling Spray        Conj/Hex       ######..     1%          3    None
d - Iskenderun's Mystic   Conj           ######..     1%          4    ##.....
e - Fulminant Prism       Conj/Hex       ######....   1%          4    ##.....
f - Iskenderun's Battles  Conj/Chrm      #####...     3%          5    ####...
h - Shock                 Conj/Air       ####         1%          1    None
i - Cure Poison           Pois           ####......   1%          2    None
j - Flame Tongue          Conj/Fire      #####        1%          1    None
k - Throw Frost           Conj/Ice       #####.       1%          2    None


Dungeon Overview and Level Annotations

Branches:
Dungeon (9/15)             Temple (1/1) D:4            Lair (4/8) D:8
 Spider (0/4) Lair:3
  Swamp: Lair:3-6    Shoals: Lair:3-6       Orc: D:9-12

Altars:
Ashenzari
Cheibriados
Dithmenos
Fedhas
Gozag
Makhleb
Nemelex Xobeh
Okawaru
Pakellas
Qazlal
Sif Muna
Trog
Vehumet
Xom
Yredelemnul
Zin
The Shining One

Shops:
D:4 [   D:7 :

Annotations:
D:3 Sigmund


Innate Abilities, Weirdness & Mutations

You can spit globs of burning liquid.
You can ignite nearby creatures when you spit burning liquid.
Your weird mottled scales are hard (AC +8).
Your body does not fit into most forms of armour.
You are cold-blooded and may be slowed by cold attacks.
You have a pair of small antennae on your head.
Your tail ends in a poisonous barb.
You have razor-sharp toenails.
Scrolls take you longer to read.
Your flesh is cold resistant.
You are resistant to hostile enchantments.
You are occasionally teleported next to monsters.


Message History

Really read with blurry vision while enemies are nearby?
Okay, then.
Unknown command.
Drink which item? (? for menu, Esc to quit)
Okay, then.
Unknown command.
There's nothing to close nearby.
Unknown command.
Unknown command.
Evoke which item? (* to show all) (? for menu, Esc to quit)
Zapping:
t - a wand of heal wounds (will waste charges)
Press: ? - help, Shift-Dir - straight line, f - you You feel much better.
Evoking this partially-identified wand wasted a few charges.
The spiny frog is no longer blind.
The spiny frog stings you!
* * * LOW HITPOINT WARNING * * *
The sheep bites you!
* * * LOW HITPOINT WARNING * * *
The yak gores you!
You die...

.........
...?....... .#.Y
........... .#Y.
#........$# Y...
##P.....#..##..#
......##....H# ..
#Yl....#.....#...
#@F†.H.......#...#
##Y......<........
........†.......##
=....P....%....#..
.......##......P..
.......#..........
.....[..#.#.$...##
#......##......#.#
###)... #.#....##.


You could see a yak, a hippogriff, a spiny frog, an iguana and a sheep.

Vanquished Creatures
  A hydra (Lair:2)
  Pikel (D:4)
  A necromancer (Lair:3)
  A griffon (Lair:3)
  A black mamba (Lair:2)
  9 spiny frogs
  4 komodo dragons (Lair:3)
  3 jumping spiders (Lair:3)
  A polar bear (Lair:4)
  4 blink frogs (Lair:2)
  4 redbacks (Lair:3)
  20 yaks
  A human (D:5)
  Eustachio (D:4)
  A hungry ghost (D:8)
  8 hippogriffs
  A basilisk (Lair:2)
  Menkaure (D:5)
  10 wolves
  A slave (D:4)
  6 porcupines
  10 water moccasins
  An ice beast (D:5)
  2 sky beasts (D:6)
  A black bear (D:5)
  2 phantoms (D:6)
  3 ogres
  6 centaurs
  6 crocodiles
  A big kobold (D:8)
  13 giant frogs
  3 scorpions
  7 killer bees (D:8)
  2 crimson imps (D:6)
  A quasit (D:8)
  A centaur zombie (D:5)
  2 giant frog zombies
  2 jellies
  3 orc priests
  2 hounds
  2 worker ants
  6 iguanas
  7 orc wizards
  3 polar bear simulacra (Lair:3)
  2 yak simulacra (Lair:3)
  8 sheep (Lair:4)
  2 wolf simulacra (Lair:3)
  2 hound skeletons
  47 river rats
  5 adders
  8 gnolls
  2 shadow imps
  An adder skeleton (D:8)
  4 worms
  5 giant geckos
  22 orcs
  8 bats
  11 giant cockroaches
  11 hobgoblins
  18 jackals
  4 quokkas
  5 ball pythons
  4 giant newts
  13 goblins
  19 kobolds
  5 rats
  4 river rat simulacra (Lair:3)
376 creatures vanquished.

Vanquished Creatures (others)
  A jackal zombie (D:5)
  3 fulminant prisms
  A fungus (Lair:1)
  2 plants
7 creatures vanquished.

Grand Total: 383 creatures vanquished

Notes
Turn   | Place    | Note
--------------------------------------------------------------
     0 | D:1      | Kidiri the Draconian Conjurer began the quest for the Orb.
     0 | D:1      | Reached XP level 1. HP: 14/14 MP: 3/3
   318 | D:1      | Reached XP level 2. HP: 20/20 MP: 0/5
   322 | D:1      | Learned a level 2 spell: Searing Ray
   978 | D:1      | Reached XP level 3. HP: 27/27 MP: 2/6
   983 | D:1      | Learned a level 3 spell: Dazzling Spray
  2125 | D:2      | Found a faded altar to an unknown god.
  2404 | D:3      | Noticed Sigmund
  2739 | D:2      | Reached XP level 4. HP: 22/34 MP: 1/7
  2940 | D:2      | Reached skill level 1 in Shields
  3140 | D:3      | Reached skill level 1 in Fighting
  3274 | D:3      | Reached skill level 1 in Short Blades
  3274 | D:3      | Reached XP level 5. HP: 16/40 MP: 0/9
  4194 | D:4      | Found a staircase to the Ecumenical Temple.
  4203 | Temple   | Entered the Ecumenical Temple
  4307 | D:4      | Noticed Eustachio
  4329 | D:4      | Killed Eustachio
  4329 | D:4      | Reached skill level 1 in Hexes
  4329 | D:4      | Reached XP level 6. HP: 23/48 MP: 0/10
  4490 | D:4      | Learned a level 4 spell: Iskenderun's Mystic Blast
  4507 | D:4      | Gained mutation: Scrolls take you a little longer to read. [potion of mutation]
  4507 | D:4      | Gained mutation: You have sharp toenails. [potion of mutation]
  4507 | D:4      | Gained mutation: Your spells are a little harder to cast, but a little more powerful. [potion of mutation]
  4511 | D:4      | Gained mutation: You have a pair of small antennae on your head. [potion of mutation]
  4511 | D:4      | Gained mutation: You are resistant to hostile enchantments. [potion of mutation]
  4511 | D:4      | Gained mutation: You passively map a small area around you. [potion of mutation]
  4769 | D:4      | Reached skill level 5 in Conjurations
  5214 | D:4      | Found Hoeph's Armour Shoppe.
  5258 | D:4      | Found a shadowy altar of Dithmenos.
  5477 | D:4      | Noticed Pikel
  5477 | D:4      | Noticed a slave
  5479 | D:4      | Noticed a slave
  5479 | D:4      | Noticed a slave
  5483 | D:4      | Noticed a slave
  5488 | D:4      | Killed a slave
  5493 | D:4      | Killed Pikel
  5493 | D:4      | Reached XP level 7. HP: 48/56 MP: 1/12
  5493 | D:4      | Your scales start taking on a weird mottled colour.
  5701 | D:5      | Entered Level 5 of the Dungeon
  5770 | D:5      | Learned a level 4 spell: Fulminant Prism
  5776 | D:5      | Found a runed door.
  5776 | D:5      | Noticed a human
  5782 | D:5      | Found a basalt altar of Yredelemnul.
  5795 | D:5      | Killed a human
  5795 | D:5      | Reached XP level 8. HP: 55/62 MP: 5/14
  6549 | D:5      | Reached skill level 6 in Conjurations
  6756 | D:5      | Found an opulent altar of Gozag.
  6761 | D:5      | Noticed Menkaure
  6771 | D:5      | Killed Menkaure
  6924 | D:5      | Lost mutation: You passively map a small area around you. [potion of mutation]
  6924 | D:5      | Gained mutation: You have razor-sharp toenails. [potion of mutation]
  6925 | D:5      | Gained mutation: Scrolls take you longer to read. [potion of mutation]
  6925 | D:5      | Gained mutation: Your flesh is cold resistant. [potion of mutation]
  7044 | D:5      | Found a burning altar of Makhleb.
  7048 | D:5      | Found a snail-covered altar of Cheibriados.
  7074 | D:5      | You fall through a shaft for 2 floors!
  7827 | D:6      | Reached XP level 9. HP: 52/71 MP: 16/16
  7833 | D:6      | Gained mutation: You are occasionally teleported next to monsters. [mutagenic meat]
  7834 | D:6      | Gained mutation: Scrolls take you much longer to read. [mutagenic meat]
  8720 | D:5      | Reached skill level 5 in Dodging
  8757 | D:7      | Reached skill level 5 in Spellcasting
  9368 | D:7      | Found Derhaatu's Book Shoppe.
  9466 | D:7      | Lost mutation: Your spells are a little harder to cast, but a little more powerful. [potion of mutation]
  9466 | D:7      | Lost mutation: Scrolls take you much longer to read. [potion of mutation]
 10289 | D:8      | Reached skill level 7 in Conjurations
 10487 | D:8      | Found a staircase to the Lair.
 10713 | D:8      | Learned a level 5 spell: Iskenderun's Battlesphere
 10715 | D:8      | Found a sparkling altar of Nemelex Xobeh.
 10830 | D:8      | Reached skill level 5 in Fighting
 10830 | D:8      | Reached XP level 10. HP: 38/81 MP: 2/18
 11157 | D:8      | Learned a level 1 spell: Sting
 11230 | D:8      | Found a radiant altar of Vehumet.
 11233 | D:8      | Became a worshipper of Vehumet
 11851 | Lair:1   | Entered Level 1 of the Lair of Beasts
 12445 | Lair:1   | Noticed a spiny frog
 12458 | Lair:1   | Killed a spiny frog
 12458 | Lair:1   | Reached skill level 1 in Charms
 12458 | Lair:1   | Reached skill level 1 in Poison Magic
 12824 | Lair:1   | Reached * piety under Vehumet
 12824 | Lair:1   | Offered knowledge of Shock by Vehumet.
 12835 | Lair:1   | Reached skill level 5 in Stealth
 12840 | Lair:1   | Learned a level 1 spell: Shock
 12877 | Lair:1   | Noticed a spiny frog
 12922 | Lair:1   | Killed a spiny frog
 12947 | Lair:1   | Reached skill level 5 in Shields
 13255 | Lair:1   | Reached skill level 8 in Conjurations
 13624 | Lair:1   | Noticed a spiny frog
 13645 | Lair:1   | Killed a spiny frog
 13741 | Lair:1   | Noticed a spiny frog
 13765 | Lair:1   | Killed a spiny frog
 13765 | Lair:1   | Reached skill level 5 in Short Blades
 13765 | Lair:1   | Reached XP level 11. HP: 49/89 MP: 7/20
 13933 | Lair:1   | Learned a level 2 spell: Cure Poison
 14090 | Lair:1   | Offered knowledge of Flame Tongue by Vehumet.
 14090 | Lair:1   | Reached skill level 1 in Air Magic
 14105 | Lair:1   | Reached ** piety under Vehumet
 14703 | Lair:2   | Gained mutation: Your tail ends in a poisonous barb. [potion of beneficial mutation]
 14715 | Lair:2   | Noticed an eight-headed hydra
 14725 | Lair:2   | Killed an eight-headed hydra
 15022 | Lair:2   | Learned a level 1 spell: Flame Tongue
 15097 | Lair:2   | Reached skill level 1 in Fire Magic
 15375 | Lair:2   | Offered knowledge of Throw Frost by Vehumet.
 17699 | Lair:3   | Found a hole to the Spider Nest.
 18199 | Lair:3   | Reached XP level 12. HP: 97/97 MP: 9/23
 18203 | Lair:3   | Reached *** piety under Vehumet
 18203 | Lair:3   | Reached skill level 1 in Evocations
 18376 | Lair:3   | Learned a level 2 spell: Throw Frost
 18452 | Lair:3   | Reached skill level 5 in Hexes
 18862 | Lair:3   | Reached skill level 9 in Conjurations
 19205 | Lair:3   | Offered knowledge of Force Lance by Vehumet.
 19303 | Lair:3   | Reached skill level 1 in Ice Magic
 20357 | Lair:4   | Slain by a yak

Vault maps used:
D:1:      dpeg_arrival_water_fire, minmay_misc_feat_iff, serial_park_tiny_pond
D:2:      first_bread, ecumenical_altar_2
D:3:      st_stairs_4, uniq_sigmund
D:4:      minmay_temple_entry_mist, serial_shops, nicolae_shop_stone,
          nicolae_dithmenos_through_a_glass_darkly, uniq_pikel, uniq_eustachio
D:5:      black_bear_nest_2, kennysheep_mini, minitemple, dk_yredelemnul_ordeal,
          uniq_menkaure
D:6:      serial_glass, glass_columns_c, glass_columns_c
D:7:      serial_shops, nicolae_shop_crystal, grunt_ogre_cave, kennysheep_potato
D:8:      kennysheep_mini_moat, lair_0_dummy, nemelex_xobeh_ov_fountains_minmay
D:9:      hangedman_ru_absence, gammafunk_temple_overflow_claw, orc_0_dummy,
          supply_closet_lemuel
Temple:   circular_temple_12
Lair:1:   grunt_megastairs_2, lemuel_fruit_fields, infiniplex_staircase_pool_2
Lair:2:   grunt_megastairs_5
Lair:3:   nicolae_spider_entry_tight_spaces, eino_house_with_fridge,
          infiniplex_staircase_pool
Lair:4:   beast_lair_carwin_5

Action                   |  1- 3 |  4- 6 |  7- 9 | 10-12 || total
-------------------------+-------+-------+-------+-------++-------
Melee: Dagger            |     2 |       |    99 |       ||   101
       Unarmed           |     1 |       |       |       ||     1
       Short sword       |    19 |       |    50 |   415 ||   484
       Rapier            |     7 |    81 |   108 |       ||   196
 Cast: Magic Dart        |    89 |    80 |   112 |   147 ||   428
       Dazzling Spray    |     2 |     7 |    30 |   146 ||   185
       Searing Ray       |     1 |     3 |     2 |    17 ||    23
       Iskenderun's Myst |       |       |       |     2 ||     2
       Cure Poison       |       |       |       |     1 ||     1
       Fulminant Prism   |       |       |       |     3 ||     3
       Iskenderun's Batt |       |       |       |     1 ||     1
 Abil: Breathe Sticky Fl |       |       |    11 |    14 ||    25
Evoke: Wand              |       |     1 |       |     1 ||     2
  Use: Scroll            |     8 |     4 |     5 |    10 ||    27
       Potion            |     1 |     4 |     3 |     7 ||    15
 Stab: Sleeping          |     3 |     2 |     9 |    11 ||    25
       Invisible         |       |     1 |     2 |    27 ||    30
       Distracted        |       |       |     1 |       ||     1
  Eat: Chunk             |     4 |     3 |    17 |    12 ||    36
       Fruit             |     2 |       |     3 |       ||     5
       Meat ration       |     1 |       |       |     5 ||     6
       Beef jerky        |       |     2 |       |       ||     2
       Royal jelly       |       |       |     2 |       ||     2
       Pizza             |       |       |     1 |       ||     1
